 Dungeon Crawl Stone Soup version 0.26.1-11-gd32895ea62 (webtiles) character file.

Game seed: 9369666240820456561

3078 nothank2 the Arsonist (level 9, -9/62 HPs)
             Began as a Grey Draconian Fire Elementalist on June 13, 2021.
             Was an Initiate of Vehumet.
             Mangled by an orc warrior
             ... wielding a +0 glaive
              (24 damage)
             ... on level 7 of the Dungeon.
             The game lasted 00:43:54 (10665 turns).

nothank2 the Arsonist (DrFE)                       Turns: 10665, Time: 00:43:54

Health: -9/62      AC: 14    Str: 17    XL:     9   Next: 58%
Magic:  3/18       EV: 12    Int: 19    God:    Vehumet [......]
Gold:   283        SH:  5    Dex: 11    Spells: 11/21 levels left

rFire    + . .     SeeInvis .   f - +5 whip (venom)
rCold    . . .     Faith    .   (no shield)
rNeg     . . .     Spirit   .   (armour unavailable)
rPois    .         Reflect  +   (helmet restricted)
rElec    .         Harm     .   y - +0 cloak
rCorr    .         Rampage  .   z - +0 pair of gloves
Will     .....                  (no boots)
Stlth    ++........             r - amulet of reflection
HPRegen  0.20/turn              e - ring of protection from fire
MPRegen  0.16/turn              w - +6 ring of strength

@: very slightly contaminated
A: walk through water, unfitting armour, unbreathing, cold-blooded, AC +12
a: Renounce Religion


You were on level 7 of the Dungeon.
You worshipped Vehumet.
Vehumet was noncommittal.
You visited 2 branches of the dungeon, and saw 9 of its levels.
You also visited: Sewer.

You collected 343 gold pieces.
You spent 60 gold pieces at shops.

Inventory:

Hand Weapons
 c - a +0 short sword
 f - a +5 whip of venom (weapon)
Armour
 y - a +0 cloak (worn)
 z - a +0 pair of gloves (worn)
Jewellery
 e - a ring of protection from fire (left hand)
 r - an amulet of reflection (around neck)
 w - a +6 ring of strength (right hand)
Wands
 x - a wand of paralysis (4)
Scrolls
 g - 2 scrolls of random uselessness
 j - a scroll of remove curse
 o - 2 scrolls of enchant armour
 p - 4 scrolls of identify
 s - a scroll of teleportation
 u - a scroll of amnesia {unknown}
 v - a scroll of vulnerability {unknown}
 A - 2 scrolls of blinking
 B - a scroll of fear {unknown}
Potions
 a - a potion of mutation {unknown}
 b - a potion of magic {unknown}
 d - 8 potions of curing
 i - a potion of attraction {unknown}
 k - a potion of cancellation {unknown}
 l - a potion of might {unknown}
 m - 2 potions of flight
 n - 2 potions of lignification {unknown}
 q - a potion of haste {unknown}
 t - 2 potions of brilliance


   Skills:
 - Level 1.7 Dodging
 - Level 1.7 Stealth
 + Level 6.5 Spellcasting
 + Level 5.8 Conjurations
 + Level 10.3 Fire Magic
 - Level 0.8 Evocations


You had 11 spell levels left.
You knew the following spells:

 Your Spells              Type           Power        Failure   Level
a - Foxfire               Conj/Fire      100%         1%          1
b - Sticky Flame          Conj/Fire      37%          3%          4
c - Fireball              Conj/Fire      18%          11%         5

Your spell library contained the following spells:

 Spells                   Type           Power        Failure   Level
 Conjure Flame            Conj/Fire      37%          1%          3
 Inner Flame              Hex/Fire       25%          3%          3


Dungeon Overview and Level Annotations

Branches:
Dungeon (8/15)             Temple (1/1) D:6           Sewer (visited)
   Lair: D:8-11

Altars:
Ashenzari
Cheibriados
Dithmenos
Elyvilon
Fedhas
Gozag
Hepliaklqana
Kikubaaqudgha
Makhleb
Nemelex Xobeh
Okawaru
Qazlal
Ru
Sif Muna
Uskayaw
Vehumet
Wu Jian
Xom
Yredelemnul
Zin
The Shining One

Shops:
D:5 !*   D:6 (


Innate Abilities, Weirdness & Mutations

You can walk through water.
Your dull iron-grey scales are very hard. (AC +12)
You cannot fit into any form of body armour.
You can survive without breathing.
You are cold-blooded and may be slowed by cold attacks.


Message History

Casting: Fireball (quite dangerous; 11% risk of failure)
Confirm with . or Enter, or press ? or * to list all spells.
The spell is quite dangerous to cast (11% risk of failure)!
Continue anyway?
Aiming: Fireball (quite dangerous; 11% risk of failure)
Press: ? - help, Shift-Dir - straight line, f/p - orc warrior
Aim: an orc warrior, wielding a +0 glaive and wearing a +0 plate armour (severely wounded)
The fireball explodes!
The fireball engulfs the orc warrior.
The orc warrior is almost dead.
The fireball engulfs the orc warrior!
You kill the orc warrior!
Vehumet accepts your kill.
The orc warrior hits you with a +0 glaive.
* * * LOW HITPOINT WARNING * * *
Casting: Fireball (quite dangerous; 11% risk of failure)
Confirm with . or Enter, or press ? or * to list all spells.
You don't have enough magic to cast that spell.
You barely miss the orc warrior.
Your tail-slap misses the orc warrior.
The orc warrior is almost dead.
The orc warrior hits you with a +0 glaive!!
You die...

o.o.......# ..o.......# #....#
#..(.#### #..o....#
##+#.......#
##+########..#)).....+
#.........#>.#.......#
#.........#.@##o######
#######..##)o##.....#########
##..####..##).##.....##..##..#
...+........)................
..#.........................
#.###..###..##+######..##..#
##.###..###..##.....##..##..#
#.......#...........#.......#
+.......#...........#.......#


You could see an orc warrior.

Vanquished Creatures
  Prince Ribbit (D:5)
  Duvessa (D:4)
  2 orc warriors
  2 phantoms
  An ice beast (D:6)
  2 black bears
  5 ogres
  A centaur (D:5)
  4 bullfrogs
  A scorpion (D:7)
  Dowan (D:4)
  5 killer bees (D:7)
  A wight (D:6)
  5 hounds
  A bullfrog zombie (D:7)
  A bullfrog skeleton (D:4)
  A centaur skeleton (D:6)
  2 orc priests (D:6)
  4 orc wizards (D:4)
  3 worker ants
  3 hound skeletons
  A worker ant zombie (D:7)
  12 gnolls
  14 adders
  A white imp (D:6)
  17 oozes
  An adder skeleton (D:2)
  7 worms
  4 dart slugs
  14 leopard geckos
  14 orcs
  15 giant cockroaches
  2 gnoll zombies (D:4)
  4 goblins
  8 hobgoblins
  6 jackals
  3 quokkas
  15 ball pythons
  5 bats
  11 frilled lizards
  8 kobolds
  2 leopard gecko skeletons
  6 rats
217 creatures vanquished.

Vanquished Creatures (others)
  432 foxfires
432 creatures vanquished.

Grand Total: 649 creatures vanquished

Notes
Turn   | Place    | Note
-------+----------+-------------------------------------------
     0 | D:1      | nothank2 the Draconian Fire Elementalist began the quest
                  | for the Orb.
     0 | D:1      | Reached XP level 1. HP: 14/14 MP: 3/3
   367 | D:1      | Reached XP level 2. HP: 20/20 MP: 1/5
  1064 | D:2      | Reached XP level 3. HP: 16/26 MP: 2/6
  1323 | D:2      | Reached skill level 4 in Fire Magic
  1711 | D:2      | Reached XP level 4. HP: 9/33 MP: 8/8
  2449 | D:2      | Learned a level 4 spell: Sticky Flame
  2724 | D:3      | Reached XP level 5. HP: 29/38 MP: 6/9
  3592 | D:4      | Noticed an ogre
  3592 | D:4      | Noticed Dowan
  3592 | D:4      | Noticed Duvessa
  4176 | D:4      | Found a glowing drain.
  4203 | Sewer    | Entered a sewer
  4206 | Sewer    | Reached XP level 6. HP: 40/45 MP: 9/11
  4309 | Sewer    | Reached skill level 5 in Fire Magic
  4580 | Sewer    | Your scales start taking on a dull iron-grey colour.
  4580 | Sewer    | Reached XP level 7. HP: 16/50 MP: 3/13
  4580 | Sewer    | Gained mutation: You can survive without breathing. [Grey
                  | Draconian growth]
  4973 | D:4      | Reached skill level 5 in Spellcasting
  5205 | D:4      | Reached skill level 6 in Fire Magic
  5413 | D:4      | Reached skill level 7 in Fire Magic
  5496 | D:4      | Reached XP level 8. HP: 56/57 MP: 12/15
  5598 | D:4      | Killed Dowan
  5765 | D:4      | Killed Duvessa
  5766 | D:4      | Reached skill level 8 in Fire Magic
  5948 | D:4      | Learned a level 5 spell: Fireball
  6024 | D:4      | Found an ancient bone altar of Kikubaaqudgha.
  6126 | D:4      | Found a snail-covered altar of Cheibriados.
  6245 | D:4      | Found a glowing golden altar of the Shining One.
  6245 | D:4      | Found a sacrificial altar of Ru.
  6323 | D:4      | Found a basalt altar of Yredelemnul.
  6475 | D:5      | Entered Level 5 of the Dungeon
  6529 | D:5      | Found a blossoming altar of Fedhas.
  6862 | D:5      | Found an opulent altar of Gozag.
  6866 | D:5      | Found Qinibue's Distillery.
  6895 | D:5      | Bought a potion of brilliance for 60 gold pieces
  6922 | D:5      | Found Bisopt's Lightly-Used Armoury.
  7204 | D:5      | Reached skill level 9 in Fire Magic
  7394 | D:5      | You fall into a shaft and drop 2 floors!
  7423 | D:7      | Found a shadowy altar of Dithmenos.
  7441 | D:6      | Found a shadowy altar of Dithmenos.
  8308 | D:6      | Reached XP level 9. HP: 62/62 MP: 11/17
  8345 | D:6      | Found a shimmering altar of Xom.
  8345 | D:6      | Found a shimmering altar of Xom.
  8347 | D:6      | Found a shimmering altar of Xom.
  8347 | D:6      | Found a shimmering altar of Xom.
  8416 | D:6      | Found an ornate altar of the Wu Jian Council.
  8478 | D:5      | Noticed Prince Ribbit
  8484 | D:5      | Killed Prince Ribbit
  8485 | D:5      | Reached skill level 5 in Conjurations
  8880 | D:6      | Found a stormy altar of Qazlal.
  8916 | D:6      | Found Ykhem's Weapon Boutique.
  9050 | D:6      | Found a staircase to the Ecumenical Temple.
  9059 | Temple   | Entered the Ecumenical Temple
  9145 | Temple   | Became a worshipper of Vehumet
  9635 | D:7      | Reached skill level 10 in Fire Magic
  9800 | D:7      | HP: 2/62 [killer bee (8)]
 10665 | D:7      | Mangled by an orc warrior

Illustrated notes

Levels and vault maps discovered:
D:1:      matt_arrival_grand_opening, layout_basic, serial_park_tiny_2,
          minmay_statues_item, minmay_tetromino_o2
D:2:      layout_loops_ring, minmay_split_cup_small
D:3:      layout_loops_ring
D:4:      cheibrodos_barr_body, layout_loops_cross, kiku_gazebo_garden_becter,
          lemuel_zombie_altar_yredelemnul, general_overflow_altar,
          amethyst_overflow_temple_binary, gup_sewer_entry_glass, uniq_duvessa
D:5:      layout_basic, lemuel_doored_altar, lemuel_round_altar, serial_shops,
          nicolae_shop_temple_entry_statues_fountains, minmay_shop_damaged,
          nrook_campfire, corexii_corridor_pit, minmay_misc_feat_ornament,
          minmay_liquid_box, uniq_prince_ribbit1
D:6:      kb_forest_paths, layout_basic, nzn_wu_jian_contemplation,
          grunt_dithmenos_smoke_and_mirrors, grunt_qazlal_clouds, serial_shops,
          shop_statue, xom_redecorated
D:7:      layout_gridville, basic_altar, uniq_joseph
D:8:      layout_loops_ring, uniq_erica
Temple:   minmay_temple_curvy_loop

Skill      XL: |  1  2  3  4  5  6  7  8  9 |
---------------+----------------------------+-----
Fire Magic     | 4 5 7 9 10 | 10.3
Spellcasting   | 3 4 5 6 |  6.5
Conjurations   | 2 3 4 5 |  5.8
Dodging        | |  1.7
Stealth        | |  1.7
Evocations     | |  0.8

Action                   |  1- 3 |  4- 6 |  7- 9 || total
-------------------------+-------+-------+-------++-------
Melee: Tailslap          |     4 |    10 |    16 ||    30
       Short sword       |     1 |       |       ||     1
       Whip              |    42 |    91 |   193 ||   326
 Cast: Foxfire           |    50 |   110 |   103 ||   263
       Sticky Flame      |       |       |    10 ||    10
       Fireball          |       |       |     8 ||     8
Evoke: Wand              |       |       |     3 ||     3
  Use: Scroll            |       |     9 |     4 ||    13
       Potion            |       |       |     5 ||     5
 Stab: Sleeping          |       |     2 |     5 ||     7
       Paralysed         |       |       |    12 ||    12
Armor: Skin              |    12 |    26 |    92 ||   130
Dodge: Dodged            |    22 |    78 |   142 ||   242
Block: Other             |       |       |    41 ||    41
       Reflection        |       |       |     2 ||     2
